 Dungeon Crawl Stone Soup version 0.17.1-1-g73c8601 (console) character file.

3417 Kloppie the Fighter (level 9, -2/86 HPs)
             Began as a Minotaur Fighter on Dec 28, 2015.
             Was a Follower of the Shining One.
             Slain by a troll (6 damage)
             ... on level 8 of the Dungeon.
             The game lasted 00:14:09 (7854 turns).

Kloppie the Fighter (Minotaur Fighter)              Turns: 7854, Time: 00:14:09

Health: -2/86      AC: 20    Str: 21    XL:     9   Next: 76%
Magic:  8/8        EV:  4    Int:  5    God:    the Shining One [*.....]
Gold:   657        SH:  9    Dex: 13    Spells: 0 memorised, 8 levels left

rFire  . . .     SeeInvis .     d - +3 long sword (slice)
rCold  + . .     Clarity  +     x - +0 plate armour
rNeg   . . .     SustAt   .     c - +0 shield
rPois  .         Gourm    .     (helmet restricted)
rElec  .         Spirit   .     p - +1 cloak
rCorr  .         Warding  .     (no gloves)
rMut   .         Stasis   .     (no boots)
MR     .....                    y - amulet of clarity
Stlth  ..........               E - ring of protection from cold
                                r - +3 ring of protection

@: lethally poisoned (-2 -> -3), glowing, not resistant to hostile enchantments,
extremely unstealthy
A: retaliatory headbutt, horns 2
a: Renounce Religion


You were on level 8 of the Dungeon.
You worshipped the Shining One.
The Shining One was aware of your devotion.
You were hungry.

You visited 2 branches of the dungeon, and saw 9 of its levels.
You also visited: Bailey.

You collected 785 gold pieces.
You spent 128 gold pieces at shops.

Inventory:

Hand Weapons
 a - a +0 long sword
 d - a +3 long sword of slicing (weapon)
 s - a +3 long sword
 G - a +0 flail
Armour
 c - a +0 shield (worn)
 p - a +1 cloak (worn)
 x - a +0 plate armour (worn)
Jewellery
 r - a +3 ring of protection (left hand)
 w - an uncursed ring of protection from magic
 y - an amulet of clarity (around neck)
 E - a ring of protection from cold (right hand)
Wands
 h - a wand of digging (8)
 B - a wand of magic darts (19)
Scrolls
 b - 2 scrolls of remove curse
 k - a scroll of recharging
 t - a scroll of magic mapping
 C - 2 scrolls of identify
Potions
 f - a potion of lignification
 i - a potion of ambrosia
 j - 3 potions of curing {unknown}
 l - 3 potions of haste {unknown}
 q - 2 potions of agility {unknown}
 v - a potion of cancellation {unknown}
 z - a potion of mutation {unknown}
 A - 2 potions of flight
Books
 u - a book of Power

   Spells                             Type                      Level
   a - Fulminant Prism                Conjuration/Hexes            4
   b - Iskenderun's Mystic Blast      Conjuration                  4
   c - Venom Bolt                     Conjuration/Poison           5
   d - Bolt of Magma                  Conjuration/Fire/Earth       5
   e - Iron Shot                      Conjuration/Earth            6
   f - Orb of Destruction             Conjuration                  7
   g - Spellforged Servitor           Conjuration/Summoning        7
Miscellaneous
 D - a box of beasts
Comestibles
 e - 4 bread rations
 g - 4 meat rations
 m - 2 beef jerkies
 F - 2 chunks of flesh


   Skills:
 + Level 10.3 Fighting
 + Level 9.8 Long Blades
 + Level 10.2 Armour
 - Level 3.6 Shields


You had 8 spell levels left.
You didn't know any spells.

Dungeon Overview and Level Annotations

Branches:
Dungeon (8/15)             Temple (1/1) D:6
   Lair: D:8-11

Altars:
Ashenzari
Cheibriados
Dithmenos
Elyvilon
Fedhas
Gozag
Kikubaaqudgha
Makhleb
Nemelex Xobeh
Okawaru
Qazlal
Ru
Sif Muna
Trog
Vehumet
Xom
Yredelemnul
Zin
The Shining One

Shops:
D:7 *


Innate Abilities, Weirdness & Mutations

You reflexively headbutt those who attack you in melee.
You have a pair of horns on your head.


Message History

The troll claws you.
* * * LOW HITPOINT WARNING * * *
The troll claws you but does no damage.
You slash the troll!
The troll is severely wounded.
You feel sick. The troll bites you!
* * * LOW HITPOINT WARNING * * *
You block the troll's attack. The troll claws you but does no damage.
You hit the troll.
The troll is severely wounded.
The troll bites you.
* * * LOW HITPOINT WARNING * * *
You block the troll's attack. The troll claws you but does no damage.
You hit the troll but do no damage.
You headbutt the troll, but do no damage.
The troll is severely wounded.
The centaur skeleton hits you but does no damage.
The troll bites you but does no damage. You block the troll's attack.
The troll claws you.
You die...

##.##### #..# .#
#.########....
#..........##.#
#.########## .# #.# #
#.## #..##
#...#######
#......@Z.#..
#.≈≈≈)T≈≈......
#.≈##)##≈......
#.≈#...#≈......
#.≈#.∩.#≈..####
#.≈#...#≈..# #######
#.≈#####≈..###......#
#.≈≈≈≈≈≈≈..........#
#...........######..#


You could see a troll and a centaur skeleton.

Vanquished Creatures
  An orc knight (Bailey)
  The ghost of Kloppie the Ruffian, an amateur VSMo (D:5)
  5 orc warriors (Bailey)
  3 ogres
  2 ice beasts
  A sky beast (D:8)
  2 phantoms (D:8)
  A centaur (D:7)
  13 killer bees (D:8)
  A scorpion (D:4)
  3 wights (D:6)
  3 orc wizards
  A centaur skeleton (D:4)
  2 giant frog skeletons
  3 orc priests (D:4)
  A hound (D:5)
  A jelly (D:6)
  6 worker ants
  An iguana (D:4)
  A killer bee zombie (D:5)
  8 gnolls
  8 adders
  A shadow imp (D:5)
  An ooze (D:3)
  An adder zombie (D:7)
  3 adder skeletons
  3 worms (D:2)
  24 orcs
  A ball python (D:2)
  3 bats
  3 giant cockroaches
  7 hobgoblins
  8 jackals
  A giant cockroach zombie (D:5)
  4 giant geckos
  A giant gecko skeleton (D:4)
  6 giant newts
  11 goblins
  12 kobolds
  A quokka (D:3)
  9 rats
168 creatures vanquished.

Notes
Turn   | Place    | Note
--------------------------------------------------------------
     0 | D:1      | Kloppie the Minotaur Fighter began the quest for the Orb.
     0 | D:1      | Reached XP level 1. HP: 19/19 MP: 0/0
   610 | D:1      | Reached XP level 2. HP: 27/27 MP: 1/1
   723 | D:2      | Reached skill level 4 in Fighting
   990 | D:2      | Reached XP level 3. HP: 19/33 MP: 2/2
  1430 | D:2      | Reached XP level 4. HP: 39/41 MP: 3/3
  1874 | D:3      | Reached skill level 5 in Fighting
  1874 | D:3      | Reached XP level 5. HP: 34/48 MP: 4/4
  1972 | D:3      | Reached skill level 5 in Armour
  2153 | D:3      | Found an iron altar of Okawaru.
  2194 | D:3      | Found a faded altar to an unknown god.
  2829 | D:4      | Reached XP level 6. HP: 42/56 MP: 5/5
  2839 | D:4      | Reached skill level 5 in Long Blades
  3062 | D:4      | Found a stormy altar of Qazlal.
  3347 | D:4      | Reached skill level 6 in Fighting
  3647 | D:4      | Noticed an ogre
  3657 | D:4      | Killed an ogre
  3657 | D:4      | Reached XP level 7. HP: 40/64 MP: 6/6
  4367 | D:5      | Entered Level 5 of the Dungeon
  4371 | D:5      | Reached skill level 7 in Fighting
  4796 | D:5      | Noticed Kloppie's ghost (amateur VSMo)
  4809 | D:5      | Killed Kloppie's ghost
  4809 | D:5      | Reached XP level 8. HP: 66/73 MP: 7/7
  5895 | D:6      | Found a staircase to the Ecumenical Temple.
  5909 | Temple   | Entered the Ecumenical Temple
  5950 | Temple   | Became a worshipper of the Shining One
  6050 | D:6      | Found a snail-covered altar of Cheibriados.
  6052 | D:6      | Found a deep blue altar of Sif Muna.
  6092 | D:7      | Reached skill level 8 in Fighting
  6200 | D:7      | Found a shadowy altar of Dithmenos.
  6313 | D:7      | Found Awurus's Assorted Antiques.
  6319 | D:7      | Bought a scroll labeled XOXZY WIORILO for 32 gold pieces
  6319 | D:7      | Bought a scroll labeled JEFAGASS ACRANK for 32 gold pieces
  6319 | D:7      | Bought a scroll of identify for 64 gold pieces
  6684 | D:7      | Found a glowing silver altar of Zin.
  6953 | D:8      | Found a flagged portal.
  6977 | Bailey   | Entered a bailey
  6984 | Bailey   | Noticed an orc knight
  7061 | Bailey   | Reached skill level 9 in Fighting
  7141 | Bailey   | Reached XP level 9. HP: 75/83 MP: 8/8
  7255 | Bailey   | Killed an orc knight
  7754 | D:8      | Reached * piety under the Shining One
  7795 | D:8      | Reached skill level 10 in Fighting
  7797 | D:8      | Noticed a queen bee
  7812 | D:8      | Reached skill level 10 in Armour
  7847 | D:8      | Noticed a troll
  7853 | D:8      | HP: 3/86 [troll (6)]
  7854 | D:8      | Slain by a troll

Action                   |  1- 3 |  4- 6 |  7- 9 || total
-------------------------+-------+-------+-------++-------
Melee: Long sword        |    70 |   148 |   363 ||   581
  Use: Scroll            |       |       |    17 ||    17
       Potion            |       |       |     9 ||     9
  Eat: Chunk             |     1 |     8 |     8 ||    17
       Meat ration       |       |       |     1 ||     1
